 Dungeon Crawl Stone Soup version 0.21.1-1-g345015f (webtiles) character file.

358 inc the Magician (level 6, -1/24 HPs)
             Began as a Felid Enchanter on Mar 15, 2018.
             Was an Initiate of Gozag.
             Slain by Duvessa
             ... wielding a +1 rapier of venom
              (10 damage)
             ... on level 4 of the Dungeon.
             The game lasted 00:10:11 (4773 turns).

inc the Magician (Felid Enchanter)                  Turns: 4773, Time: 00:10:11

Health: -1/24      AC:  2    Str:  4    XL:     6   Next: 37%
Magic:  1/16       EV: 18    Int: 18    God:    Gozag
Gold:   436        SH:  0    Dex: 17    Spells: 12/17 levels left
                                        Lives:  0   Deaths: 1

rFire    . . .     SeeInvis +     - Unarmed
rCold    . . .     Gourm    .   (shield unavailable)
rNeg     . . .     Faith    .   (armour unavailable)
rPois    .         Spirit   .   (helmet unavailable)
rElec    .         Reflect  .   (cloak unavailable)
rCorr    .         Harm     .   (gloves unavailable)
MR       +....                  (boots unavailable)
Stlth    +++.......             (no amulet)
HPRegen  0.08/turn              c - ring of wizardry
MPRegen  0.15/turn              n - ring of protection from magic

@: lethally poisoned (-1 -> -10), very slightly contaminated, quick
A: very small, no armour, no weapons or thrown items, stealth, claws 1, fangs 3,
see invisible, carnivore, speed 1, shaggy fur 2, slow metabolism 1, sharp paws
a: Potion Petition, Call Merchant, Bribe Branch, Renounce Religion


You were on level 4 of the Dungeon.
You worshipped Gozag.
Gozag was aware of your devotion.
You were not hungry.

You visited 1 branch of the dungeon, and saw 5 of its levels.

You collected 464 gold pieces.
You paid 28 gold pieces to Gozag.

Inventory:

Jewellery
 b - an uncursed ring of protection from cold
 c - a ring of wizardry (left paw)
 g - a cursed ring of loudness {unknown}
 m - an uncursed amulet of guardian spirit
 n - a ring of protection from magic (right paw)
Wands
 l - a wand of random effects (20)
Scrolls
 d - 2 scrolls of remove curse {unknown}
 e - a scroll of identify
 f - a scroll of enchant weapon {unknown}
 h - a scroll of fog {unknown}
 i - 2 scrolls of teleportation {unknown}
 k - 2 scrolls of amnesia
 p - a scroll of fear {unknown}
Potions
 j - a potion of resistance
 q - 2 potions of degeneration {unknown}
 r - a potion of flight {unknown}
Books
 a - a book of Maledictions

   Spells                             Type                      Level
   a - Corona                         Hexes                        1
   b - Ensorcelled Hibernation        Hexes/Ice                    2
   c - Confuse                        Hexes                        3
   d - Tukima's Dance                 Hexes                        3
   e - Dazzling Spray                 Conjuration/Hexes            3
Comestibles
 o - 3 rations


   Skills:
 - Level 2.6 Dodging
 - Level 4.0 Stealth
 - Level 3.0 Unarmed Combat
 - Level 6.0 Spellcasting
 + Level 4.9 Hexes
 + Level 1.1 Ice Magic


You had 12 spell levels left.
You knew the following spells:

 Your Spells              Type           Power        Failure   Level  Hunger
b - Ensorcelled Hibernat  Hex/Ice        ###...       2%          2    None
c - Confuse               Hex            ###.....     1%          3    ##.....


Dungeon Overview and Level Annotations

Branches:
Dungeon (5/15)             Temple (0/1) D:4

Altars:
Gozag
Hepliaklqana
Xom
Zin

Annotations:
D:4 Dowan, Duvessa


Innate Abilities, Weirdness & Mutations

You cannot wear armour.
You are incapable of wielding weapons or throwing items.
Your paws allow you to move quietly. (Stealth)
You have sharp claws.
You have razor-sharp teeth.
You have supernaturally acute eyesight. (SInv)
You are carnivorous and can eat meat at any time.
You cover ground quickly.
You are covered in thick fur. (AC +2)
You have a slow metabolism.
Your sharp claws are effective at attacking unaware monsters.


Message History

Confirm with . or Enter, or press ? or * to list all spells.
Aiming: Ensorcelled Hibernation
Press: ? - help, Shift-Dir - straight line, f/p - Duvessa
Aim: Duvessa, wielding a rapier of venom and wearing a ring mail (chance to defeat MR: 29%) Duvessa easily resists.
Duvessa hits you with a rapier of venom!
You are lethally poisoned!
Casting: Ensorcelled Hibernation
Confirm with . or Enter, or press ? or * to list all spells.
Aiming: Ensorcelled Hibernation
Press: ? - help, Shift-Dir - straight line, f/p - Duvessa
Aim: Duvessa, wielding a rapier of venom and wearing a ring mail (chance to defeat MR: 29%)
You miscast Ensorcelled Hibernation.
You are very lightly contaminated with residual magic.
Wisps of condensation drift from your paws.
You feel sick. Duvessa completely misses you.
You feel sick.
Duvessa hits you with a rapier of venom!
You die...
Your body crumbles into a pile of gold.

#............# #............#
#............# #............# ###
#.....<......# #..
####.....#.########(.
#############.#...........
#.........###.#...........
#........@..#.##......)...
#.......e.#.#.##########..
###########.#..#.# #.........
####...e######.#.##.# #.#####...
#.............e.....# #.# #.##
#.##....#####.##.######.# #...
##.#....#.......#.....##.# ####
...#.##.#.#e....#..##.##.########
.....##.#.#.....#..#.....#...(.##


You could see Duvessa and Dowan.

Vanquished Creatures
  Sigmund (D:2)
  The ghost of joklet the Magician, a weakling DECj of Sif Muna (D:3)
  2 orc priests (D:3)
  An orc wizard (D:3)
  An iguana (D:4)
  A worker ant (D:4)
  11 adders
  2 oozes
  An adder skeleton (D:4)
  A worm (D:2)
  3 dart slugs
  3 leopard geckos
  4 orcs
  8 bats
  A giant cockroach (D:1)
  11 goblins
  7 hobgoblins
  4 kobolds
  A ball python (D:1)
  3 frilled lizards
  4 rats
71 creatures vanquished.

Notes
Turn   | Place    | Note
-------+----------+-------------------------------------------
     0 | D:1      | inc the Felid Enchanter began the quest for the Orb.
     0 | D:1      | Reached XP level 1. HP: 7/7 MP: 4/4
   908 | D:1      | Reached XP level 2. HP: 8/11 MP: 6/6
  1423 | D:2      | Found an opulent altar of Gozag.
  1464 | D:2      | Became a worshipper of Gozag Ym Sagoz the Greedy
  1666 | D:2      | Reached XP level 3. HP: 8/14 MP: 4/7
  1670 | D:2      | Learned a level 2 spell: Ensorcelled Hibernation
  1674 | D:2      | Learned a level 3 spell: Confuse
  2089 | D:2      | Noticed Sigmund
  2549 | D:2      | Killed Sigmund
  2549 | D:2      | Reached skill level 4 in Spellcasting
  2549 | D:2      | Reached XP level 4. HP: 18/18 MP: 1/11
  2549 | D:2      | Reached XP level 5. HP: 21/21 MP: 1/13
  2776 | D:3      | HP: 1/21 [hobgoblin/club (8)]
  3101 | D:3      | Noticed joklet's ghost (weakling DECj)
  3210 | D:3      | Found a hazy altar of Hepliaklqana.
  3244 | D:3      | Reached skill level 5 in Spellcasting
  3283 | D:3      | Gained mutation: You are covered in thick fur. (AC +2) [Felid growth]
  3283 | D:3      | Reached XP level 6. HP: 17/24 MP: 6/14
  3644 | D:4      | Found a staircase to the Ecumenical Temple.
  3671 | D:4      | Noticed Duvessa
  3671 | D:4      | Noticed Dowan
  3701 | D:5      | Entered Level 5 of the Dungeon
  3701 | D:5      | Noticed a hippogriff
  3715 | D:5      | Slain by a hippogriff
  3716 | D:5      | Reached XP level 5. HP: -5/21 MP: 8/13
  3791 | D:3      | Found a faded altar of an unknown god.
  3815 | D:3      | Killed joklet's ghost
  3823 | D:3      | Reached skill level 6 in Spellcasting
  3823 | D:3      | Reached XP level 6. HP: 9/24 MP: 4/16
  4298 | D:3      | Found a shimmering altar of Xom.
  4299 | D:3      | Found a glowing silver altar of Zin.
  4302 | D:3      | Noticed an angel
  4661 | D:4      | Reached skill level 1 in Ice Magic
  4773 | D:4      | Slain by Duvessa

Skill      XL: |  1  2  3  4  5  6 |
---------------+-------------------+-----
Unarmed Combat | 2 3 |  3.0
Spellcasting   | 4 6 |  6.0
Ice Magic      | 1 |  1.1
Dodging        | |  2.6
Stealth        | |  4.0
Hexes          | |  4.9

Action                   |  1- 3 |  4- 6 || total
-------------------------+-------+-------++-------
Melee: Unarmed           |    89 |    81 ||   170
       Bite              |     2 |     4 ||     6
       Punch             |     1 |       ||     1
 Cast: Corona            |     6 |       ||     6
       Ensorcelled Hiber |    18 |    58 ||    76
       Confuse           |     1 |     3 ||     4
Invok: Potion Petition   |     1 |       ||     1
  Use: Potion            |     3 |     2 ||     5
       Scroll            |     1 |     3 ||     4
 Stab: Sleeping          |    14 |    24 ||    38
       Confused          |     1 |     2 ||     3
  Eat: Ration            |     2 |     1 ||     3
Armor: Skin              |     7 |    14 ||    21
Dodge: Dodged            |    81 |    88 ||   169
